Map: Void Launch

Players

NamroodTuo

  • Race: Zerg Zerg

Frosil

  • Race: Terran Terran

VOD

Have the link to the VOD?

Description

Time

  • Played on: May 6, 2023, 8:14 a.m.
  • Length: 25:43
Show
View Real Time Build Order
Export as new Build Order

NamroodTuo Zerg 

Build Orders:  

Get SALT Encoding   

  12  0:21  Infested Barracks  
  12  0:26  Infested SCV  
  13  0:36  Infested SCV  
  13  0:39  Infested SCV  
  15  0:52  Overlord  
  15  1:18  Infested SCV  
  16  1:23  Infestation Level 1  
  16  1:28  Infested SCV  
  17  1:32  Infested SCV  
  17  1:39  Infested SCV  
  19  1:42  Infested SCV  
  20  1:56  Infested SCV  
  20  1:59  Infested Barracks  
  21  2:01  Infested Refinery  
  21  2:09  Infested SCV  
  22  2:26  Overlord  
  22  2:44  Infested Refinery  
  22  2:49  Infested Engineering Bay  
  22  2:52  Infested SCV  
  22  2:57  Overlord  
  23  3:19  Infested Command Center  
  23  3:25  Infested Marine  
  23  3:26  Infested Marine x4  
  23  3:27  Infested Marine x3  
  31  3:44  Infested SCV  
  31  3:45  Infested SCV  
  31  3:46  Infested SCV  
  34  4:10  Infested SCV  
  35  4:24  Infestation Level 2  
  35  4:31  Infested Barracks Tech Lab  
  35  4:35  Stukov Infantry Weapons Level 1  
  35  4:39  Infested SCV  
  36  4:45  Overlord  
  31  5:24  Infested Command Center  
  28  6:07  Infested SCV x3  
  28  6:08  Infested SCV x2  
  33  6:15  Infested SCV x3  
  36  6:24  Anaerobic Enhancement  
  40  6:32  Infested Bunker  
  40  6:43  Plagued Munitions  
  40  7:02  Infested Barracks  
  40  7:10  Overlord  
  40  7:11  Infested SCV, Overlord  
  40  7:13  Infested SCV  
  42  7:21  Overlord  
  42  7:24  Broodling Gestation  
  42  7:38  Infested Factory, Infested Marine  
  42  7:39  Infested Marine x17  
  60  7:46  Infested Marine x3  
  63  8:10  Infested SCV x3  
  63  8:13  Retinal Augmentation  
  63  8:15  Stukov Infantry Armor Level 1  
  63  8:16  Unknown  
  66  8:36  Infested SCV x2, Infested Bunker  
  72  9:13  Infested Marine x7  
  72  9:14  Infested Marine x6  
  84  9:32  Infested Armory  
  64  9:52  Infested Marine  
  64  9:53  Infested Marine x15  
  64  9:54  Infested Marine x6  
  78  10:49  Infested SCV x4  
  79  10:50  Infested SCV  
  79  10:51  Aggressive Incubation  
  79  10:55  Regenerative Plating  
  68  11:10  Overseer x2  
  51  11:35  Infested Marine  
  51  11:36  Infested Marine x6  
  52  11:50  Infested Marine  
  52  11:51  Infested Marine x10  
  52  11:52  Infested Marine x21  
  52  11:53  Infested Marine x3  
  52  11:55  Stukov Infantry Weapons Level 2  
  76  12:14  Overseer  
  76  12:15  Overseer x4  
  76  12:18  Overlord x3  
  76  12:19  Overlord x2  
  67  12:34  Infested Bunker  
  65  12:55  Infested SCV, Overlord  
  70  13:17  Infested Bunker  
  72  13:44  Infested Missile Turret  
  64  13:50  Infested Marine x3  
  64  13:51  Infested Marine x21  
  64  13:52  Infested Marine x5  
  93  14:10  Infested Bunker  
  93  14:22  Infested Bunker  
  93  14:30  Infested Marine x7  
  93  14:31  Infested Marine  
  101  14:59  Infested Bunker  
  101  15:09  Infested Missile Turret  
  101  15:37  Infested Bunker  
  109  15:49  Infested Bunker  
  88  16:05  Stukov Infantry Armor Level 2  
  88  16:10  Overlord x4  
  88  16:11  Overlord  
  88  16:15  Infested SCV x3  
  88  16:16  Infested SCV x2  
  93  16:24  Infested Refinery  
  93  16:25  Infested Bunker  
  85  16:39  Infested Bunker  
  85  16:49  Infested Marine x5  
  90  16:50  Infested Marine x11  
  90  16:51  Infested Marine x3  
  104  17:50  Infested SCV  
  104  17:51  Infested SCV x2  
  104  17:52  Overlord  
  104  17:53  Overlord  
  104  17:59  Stukov Vehicle and Ship Armor Level 1  
  107  18:01  Infestation Level 3  
  88  19:14  Infested Marine  
  88  19:15  Infested Marine x16, Stukov Infantry Weapons Level 3  
  88  19:16  Infested Marine x22  
  88  19:17  Infested Marine  
  128  19:47  Infested Bunker  
  136  19:58  Infested Bunker  
  116  20:05  Infested Marine x5  
  116  20:06  Infested Marine x15  
  124  20:29  Infested Marine x3  
  127  20:30  Infested Marine x6  
  127  20:36  Infested Bunker  
  127  20:39  Stukov Vehicle and Ship Weapons Level 1  
  123  20:55  Infested Bunker  
  123  21:25  Infested Bunker  
  120  22:14  Infested Bunker  
  112  22:55  Calcified Armor  
  112  23:04  Infested Marine  
  112  23:05  Infested Marine x15  
  112  23:06  Infested Marine x21  
  112  23:07  Infested Marine x3  
  152  23:49  Infested Marine  
  153  23:50  Infested Marine x15  
  153  23:51  Infested Marine x2  
  170  24:43  Infested Marine  
  170  24:44  Infested Marine x7  
  170  24:45  Infested Marine x12  
  186  24:59  Infested Marine  
  152  25:00  Infested Marine x6  
  152  25:01  Infested Marine  
Show
View Real Time Build Order
Export as new Build Order

Frosil Terran 

Build Orders:  

Get SALT Encoding   

  12  0:03  SCV  
  13  0:20  SCV  
  14  0:37  SCV  
  15  0:54  SCV  
  16  1:11  SCV, Refinery  
  16  1:14  Refinery  
  17  1:28  SCV  
  18  1:45  SCV  
  19  1:56  Muscle Armory  
  19  2:02  SCV  
  20  2:19  SCV  
  21  2:28  Engineering Bay  
  21  2:35  SCV  
  22  2:52  SCV  
  23  3:01  Tychus  
  23  3:09  SCV  
  24  3:22  ITC-E Triggers  
  24  3:24  Engineering Bay  
  24  3:26  SCV  
  25  3:43  SCV  
  26  4:00  SCV  
  26  4:02  Engineering Bay  
  27  4:17  SCV  
  28  5:04  Gunslingers Hideout  
  28  5:36  Fixers Safehouse  
  28  5:57  Kev Rattlesnake West  
  38  6:08  Medivac Platform  
  38  6:35  SCV  
  39  6:42  Command Center  
  39  6:55  SCV  
  40  7:12  SCV  
  41  7:29  SCV  
  42  7:46  SCV  
  43  8:03  SCV  
  44  8:22  SCV  
  44  8:27  SCV  
  46  8:30  Refinery  
  46  8:32  Refinery  
  46  8:38  SCV  
  47  8:44  SCV  
  48  8:51  Umojan Signal Modulator  
  48  8:55  SCV  
  49  9:01  SCV  
  50  9:12  SCV  
  50  9:18  SCV  
  52  9:29  SCV  
  53  9:35  SCV  
  54  9:53  SCV  
  54  9:55  SCV  
  56  10:06  Flashforce GDM Visor  
  56  10:10  SCV  
  56  10:11  Outlaw Weapons Level 1  
  56  10:12  Outlaw Life and Armor Level 1, SCV  
  58  10:29  SCV  
  59  11:14  James Sirius Sykes  
  69  12:08  Endurance Supplements  
  69  12:12  Outlaw Weapons Level 2  
  69  12:13  Outlaw Life and Armor Level 2  
  69  12:19  Moebius Aggression Blend  
  69  12:23  KD9a Implosion Core  
  69  13:02  Vanadium Shell  
  69  14:02  SA-55 Thunderbolt Missiles  
  69  15:05  Miles Blaze Lewis  
  79  15:36  Wildflame Fuel Additives  
  79  15:41  High Capacity Containers  
  79  16:08  Outlaw Weapons Level 3  
  79  16:09  Outlaw Life and Armor Level 3  
  79  17:50  Auto-Turret  
  79  18:02  Kel-Morian Ripper Rounds  
  79  18:13  Moebius M34 Terror Rounds  
  79  18:18  Secret Stash Stimpack  
  79  18:19  Auto-Turret  
  79  18:47  Auto-Turret  
  79  20:17  D99 Detonator  
  79  20:22  Hades Oil  
  79  21:35  Nux  
  89  22:48  Ultrasonic Boosters, T4 Cloudburst Shells  
  89  22:49  Crystalline Amplifiers  
Tags
 
Commander
StukovTychus
Matchup
Co-op
Replay Pack
Multiplayer
Add a new tag
Caveats
  • Supply blocks, unpowered buildings, or Contaminate may cause inaccurate times.
  • Supply counts are checked every 10 seconds.